[Event "Titled Tuesday Blitz March 21 Early 2023"]
[White "Manukian, Artak"]
[Black "Buscar, Michael"]
[WhiteFideId "13301373"]
[BlackFideId "2603616"]
[WhiteElo "2130"]
[BlackElo "2010"]
[Result "1-0"]
[Round "11"]
[TimeControl "180+2"]
[Date "2023.03.21"]
[WhiteClock "0:02:01"]
[BlackClock "0:02:01"]

1. e4 c5 2. Nf3 Nc6 3. c3 Nf6 4. e5 Nd5 5. d4 cxd4 6. cxd4 d6 7. Nc3 Nxc3 8. bxc3 dxe5 9. d5 Nb8 10. Nxe5 a6 11. Qf3 f6 12. Qh5+ g6 13. Nxg6 hxg6 14. Qxh8 Qxd5 15. Bh6 Nd7 16. Rd1 Qe5+ 17. Be2 Qxc3+ 18. Kf1 Kf7 19. Qh7+ Ke6 20. Qg8+ Kf5 21. g4+ Ke4 22. f3+ Ke5 23. f4+ Ke4 24. Qxg6+ Ke3 25. Rd3+ 1-0


[Site "https://www.chess.com"]

[Event "Titled Tuesday Blitz March 21 Early 2023"]
[White "Omariev, Maksim"]
[Black "Kostiukov, Alexandr"]
[WhiteFideId "4193423"]
[BlackFideId "14108100"]
[WhiteElo "2458"]
[BlackElo "2202"]
[Result "0-1"]
[Round "11"]
[TimeControl "180+2"]
[Date "2023.03.21"]
[WhiteClock "0:00:04"]
[BlackClock "0:01:42"]

1. h4 c5 2. h5 Nc6 3. h6 Nxh6 4. d4 cxd4 5. c3 dxc3 6. Nxc3 e6 7. Bxh6 gxh6 8. e4 Bg7 9. Nf3 a6 10. Be2 O-O 11. Qd6 Qb6 12. O-O Qxb2 13. Rac1 Bxc3 14. Rxc3 Qxc3 15. Rd1 f5 16. exf5 Rxf5 17. Bd3 Rd5 18. Bxh7+ Kxh7 19. Rxd5 exd5 20. Nh4 Qa1+ 21. Kh2 Qe5+ 0-1


[Site "https://www.chess.com"]

[Event "Titled Tuesday Blitz March 21 Early 2023"]
[White "Bilan, Danila"]
[Black "Zanette, Edgard Vinicius"]
[WhiteFideId "24161918"]
[BlackFideId "2109263"]
[WhiteElo "2182"]
[BlackElo "2211"]
[Result "1-0"]
[Round "11"]
[TimeControl "180+2"]
[Date "2023.03.21"]
[WhiteClock "0:00:04"]
[BlackClock "0:00:14"]

1. d4 Nf6 2. Nf3 e6 3. g3 b6 4. Bg2 Bb7 5. O-O Be7 6. c4 O-O 7. d5 Na6 8. Nc3 h6 9. Nd4 e5 10. Nf5 d6 11. e4 Re8 12. f4 Bf8 13. fxe5 dxe5 14. Qf3 Nh7 15. h4 Nc5 16. b4 Nd7 17. a3 a5 18. Bb2 axb4 19. axb4 Bxb4 20. Rxa8 Bxa8 21. Bh3 Nhf6 22. g4 Nh7 23. Nb5 Bc5+ 24. Kh2 Bf8 25. Bc1 Bb7 26. g5 hxg5 27. hxg5 Nc5 28. g6 fxg6 29. Ng3 Ng5 30. Bxg5 Qxg5 31. Qf7+ Kh7 32. Qxe8 Be7 33. Qf7 Qh4 34. Qf2 Bc8 35. Qg2 Bg5 36. Nxc7 Bf4 37. Ne6 Nxe6 38. dxe6 Bxe6 39. Rf3 g5 40. Rxf4 exf4 41. Nf5 Bxf5 42. exf5 f3 43. Qxf3 Qxc4 44. Qh5+ Kg8 45. Qxg5 Qe2+ 46. Kg3 Qe1+ 47. Kg4 Qg1+ 48. Kh5 Qd1+ 49. Bg4 Qd7 50. Qg6 Qf7 51. Qxf7+ Kxf7 52. Kg5 b5 53. Bd1 b4 54. Bb3+ 1-0


[Site "https://www.chess.com"]

[Event "Titled Tuesday Blitz March 21 Early 2023"]
[White "Vedder, Richard"]
[Black "Bas Mas, Jose Joaquin"]
[WhiteFideId "1004166"]
[BlackFideId "22219064"]
[WhiteElo "2168"]
[BlackElo "2233"]
[Result "1-0"]
[Round "11"]
[TimeControl "180+2"]
[Date "2023.03.21"]
[WhiteClock "0:00:37"]
[BlackClock "0:00:12"]

1. d4 d5 2. c4 e6 3. Nc3 Nf6 4. cxd5 exd5 5. Bg5 Nbd7 6. e3 h6 7. Bh4 Be7 8. Bd3 O-O 9. Qc2 b6 10. Nge2 Bb7 11. O-O c5 12. dxc5 bxc5 13. Rad1 Qb6 14. Bf5 Rfd8 15. Rd2 Nf8 16. Rfd1 g6 17. Bh3 g5 18. Bg3 Bc8 19. Bxc8 Raxc8 20. Be5 Ng4 21. Nxd5 Rxd5 22. Rxd5 Qe6 23. Bc3 Ng6 24. h3 Nf6 25. R5d2 Ne4 26. Rd7 c4 27. Rxa7 Bc5 28. Nd4 Qd5 29. Ra5 Qb7 30. Nf5 Kh7 31. Rd4 Bxd4 32. Bxd4 c3 33. bxc3 Re8 34. Ra7 Qd5 35. Qb3 Qxf5 36. Rxf7+ 1-0


[Site "https://www.chess.com"]

[Event "Titled Tuesday Blitz March 21 Early 2023"]
[White "Mazurkiewicz, Michal"]
[Black "sebastianmarinp"]
[WhiteFideId "1124943"]
[WhiteElo "2054"]
[BlackElo "2297"]
[Result "0-1"]
[Round "11"]
[TimeControl "180+2"]
[Date "2023.03.21"]
[WhiteClock "0:00:03"]
[BlackClock "0:00:06"]

1. e4 e5 2. Nf3 Nc6 3. Bb5 a6 4. Bxc6 dxc6 5. O-O f6 6. d4 exd4 7. Nxd4 Ne7 8. Nc3 Ng6 9. Be3 Bd6 10. Qe2 O-O 11. f4 c5 12. Nb3 b6 13. Rad1 Qe8 14. Nd5 Qxe4 15. Nxb6 cxb6 16. Rxd6 Re8 17. Rf3 Bg4 18. Nd2 Bxf3 19. Nxf3 Qxe3+ 20. Qxe3 Rxe3 21. Kf2 Rae8 22. Rxb6 Nxf4 23. Nh4 Nd5 24. Rd6 Re2+ 25. Kf3 R8e3+ 26. Kg4 Ne7 27. g3 Rxh2 28. Nf3 Rxc2 29. Kf4 Rxf3+ 30. Kxf3 Rxb2 31. Rxa6 c4 32. Ke4 Rd2 33. Ra7 Kf7 34. a4 c3 35. Rc7 Ra2 36. Rxc3 Rxa4+ 37. Kf3 Nf5 38. Rc7+ Kg6 39. Rc3 Nd4+ 40. Kg2 Ne6 41. Kh3 Ng5+ 42. Kg2 Ra2+ 43. Kf1 h5 44. Kg1 Nh3+ 45. Kf1 Kf5 46. Rc4 Rf2+ 47. Ke1 Rg2 48. Rc3 Kg4 49. Rc4+ Kxg3 50. Rc3+ Kg4 51. Rc4+ Nf4 52. Kf1 Ra2 53. Rb4 h4 54. Kg1 h3 55. Kh1 g5 56. Rc4 Kg3 57. Rc3+ Kh4 58. Rc4 f5 59. Rb4 Kg4 60. Rc4 Ra1+ 61. Kh2 Ra2+ 62. Kh1 Kf3 63. Rc3+ Kf2 64. Rc5 g4 65. Rxf5 Kg3 66. Ra5 Rxa5 67. Kg1 Ra1# 0-1


[Site "https://www.chess.com"]

[Event "Titled Tuesday Blitz March 21 Early 2023"]
[White "Ratsma, Midas"]
[Black "Biriukov, Ilja"]
[WhiteFideId "1032283"]
[BlackFideId "4113373"]
[WhiteElo "2172"]
[BlackElo "2426"]
[Result "1-0"]
[Round "11"]
[TimeControl "180+2"]
[Date "2023.03.21"]
[WhiteClock "0:00:05"]
[BlackClock "0:00:02"]

1. e4 c5 2. Nf3 d6 3. Bb5+ Nd7 4. O-O Nf6 5. Re1 a6 6. Bf1 g6 7. c3 Bg7 8. d4 cxd4 9. cxd4 O-O 10. e5 dxe5 11. dxe5 Ng4 12. Bf4 Qb6 13. Qd2 f6 14. exf6 exf6 15. Nc3 Nge5 16. Nxe5 Nxe5 17. Nd5 Qd8 18. Rac1 b5 19. Rc7 Be6 20. Ne7+ Kh8 21. Qxd8 Rfxd8 22. Nc6 Nxc6 23. Rxe6 Nd4 24. Ree7 Nf5 25. Rf7 Rf8 26. g4 Rxf7 27. Rxf7 Nd4 28. Kg2 Ne6 29. Be3 Ng5 30. Re7 h6 31. Bd3 f5 32. gxf5 gxf5 33. Bxf5 Rf8 34. Bg6 Bxb2 35. h4 Nf3 36. Bxh6 Nxh4+ 37. Kg3 Nxg6 38. Bxf8 Nxe7 39. Bxe7 Kg7 40. Kf4 Kf7 41. Bc5 a5 42. Ke4 b4 43. Kd5 Bc3 44. Kc4 Be1 45. Kb5 a4 46. Kxa4 Ke6 47. f3 Kd5 48. Bxb4 Bg3 49. Kb5 Kd4 50. Bc5+ Kd5 51. a4 Ke6 52. a5 Kd7 53. a6 Kc7 54. a7 Kb7 55. Kc4 Bf4 56. Kd5 Bd2 57. Ke4 Bc1 58. Be3 Bb2 59. f4 Bf6 60. f5 Be7 61. Kd5 Bf6 62. Ke6 Bh4 63. Bd4 Bg5 64. Bc5 Bh4 65. Kd5 Bg5 66. Ke4 Bf6 67. Be3 Bg7 68. Kf4 Bc3 69. Kg5 Be5 70. Kg6 Bc3 71. Bg5 Bd4 72. Bf6 Be3 73. Be5 1-0


[Site "https://www.chess.com"]

[Event "Titled Tuesday Blitz March 21 Early 2023"]
[White "Begunov, Konstantin"]
[Black "Simonovic, Miroslav"]
[WhiteFideId "4118510"]
[BlackFideId "919152"]
[WhiteElo "2079"]
[BlackElo "2042"]
[Result "1-0"]
[Round "11"]
[TimeControl "180+2"]
[Date "2023.03.21"]
[WhiteClock "0:00:17"]
[BlackClock "0:00:07"]

1. d4 Nf6 2. c4 c5 3. Nf3 b6 4. dxc5 bxc5 5. g3 Bb7 6. Bg2 g6 7. Nc3 Bg7 8. O-O O-O 9. Qc2 d6 10. Rd1 Nbd7 11. b3 Rb8 12. Bb2 Ng4 13. Nd5 Nge5 14. Nxe5 Nxe5 15. Rd2 Re8 16. Rad1 Nc6 17. Bxg7 Kxg7 18. h4 h5 19. Qc3+ f6 20. Nf4 Qc8 21. Bh3 e6 22. Rxd6 Nd4 23. Qd3 f5 24. e3 Qc7 25. Rxd4 cxd4 26. exd4 Be4 27. Qe3 Qb7 28. Bf1 Rbd8 29. Be2 e5 30. dxe5 Rxd1+ 31. Bxd1 Rxe5 32. Qd4 Qe7 33. f3 Bb7 34. Nd3 Kf6 35. f4 Be4 36. Qxe5+ Qxe5 37. Nxe5 Bb1 38. a3 Ba2 39. Kf2 a5 40. a4 Bb1 41. Ke3 Be4 42. Kd4 Ke6 43. c5 Kf6 44. Be2 Bc6 45. Bb5 Bb7 46. c6 Bc8 47. Kc5 g5 48. hxg5+ Ke7 49. Kb6 Kd6 50. Kxa5 h4 51. gxh4 Kd5 52. Kb6 Ke4 53. g6 Kxf4 54. Nd7 Kg4 55. g7 f4 56. g8=Q+ 1-0


[Site "https://www.chess.com"]

[Event "Titled Tuesday Blitz March 21 Early 2023"]
[White "victormago"]
[Black "Torres Dominguez, David"]
[BlackFideId "2220857"]
[WhiteElo "2303"]
[BlackElo "1999"]
[Result "1/2-1/2"]
[Round "11"]
[TimeControl "180+2"]
[Date "2023.03.21"]
[WhiteClock "0:00:23"]
[BlackClock "0:00:20"]

1. d4 e5 2. dxe5 d6 3. exd6 Bxd6 4. Nd2 Nc6 5. Ngf3 Bg4 6. e3 Qe7 7. Bb5 O-O-O 8. Bxc6 bxc6 9. Qe2 Kb8 10. Qa6 Bc8 11. Qxc6 Bb7 12. Qa4 Nf6 13. O-O g5 14. Nd4 Ng4 15. N2f3 Qe4 16. h3 h5 17. Qb5 c5 18. Nb3 Nh2 19. Nxc5 Bxc5 20. Kxh2 Bd6+ 21. Kg1 g4 22. Ne1 gxh3 23. f3 Qe5 24. Qxe5 Bxe5 25. gxh3 Rhg8+ 26. Kf2 Bg3+ 27. Ke2 Bxe1 28. Kxe1 Rg2 29. Rf2 Rg1+ 30. Rf1 Rg2 31. Rf2 Rg1+ 32. Rf1 Rg2 1/2-1/2


[Site "https://www.chess.com"]

[Event "Titled Tuesday Blitz March 21 Early 2023"]
[White "Fernandez Hernandez, Gerardo"]
[Black "Yelisieiev, Yevhenii"]
[WhiteFideId "2207400"]
[BlackFideId "14139642"]
[WhiteElo "2228"]
[BlackElo "2447"]
[Result "0-1"]
[Round "11"]
[TimeControl "180+2"]
[Date "2023.03.21"]
[WhiteClock "0:00:01"]
[BlackClock "0:01:01"]

1. e4 d6 2. d3 e5 3. g3 Ne7 4. Bg2 g6 5. c4 Bg7 6. Nc3 O-O 7. Nge2 Nbc6 8. O-O Nd4 9. Nxd4 exd4 10. Ne2 f5 11. b4 fxe4 12. Bxe4 d5 13. cxd5 Nxd5 14. Bxd5+ Qxd5 15. Qb3 Qxb3 16. axb3 Rf3 17. Nf4 b6 18. Re1 g5 19. Nd5 Bh3 20. Bxg5 Raf8 21. Nf4 h6 22. Be7 R8xf4 23. gxf4 Rxd3 24. Rac1 Rxb3 25. Rxc7 d3 26. Bd6 d2 27. Rd1 Bc3 28. Be5 Bxb4 29. Rg7+ Kf8 30. Rg3 Rxg3+ 31. fxg3 Bg4 32. Bd6+ Bxd6 33. Rxd2 Bc5+ 34. Kg2 Ke7 35. h3 Be6 36. g4 a5 37. f5 Bb3 38. h4 a4 39. g5 hxg5 40. hxg5 a3 41. Re2+ Kf8 42. f6 a2 43. Re1 Bd4 44. g6 a1=Q 45. Rxa1 Bxa1 0-1


[Site "https://www.chess.com"]

[Event "Titled Tuesday Blitz March 21 Early 2023"]
[White "Jaskolka, Tomasz"]
[Black "Korpics, Zsolt"]
[WhiteFideId "1170791"]
[BlackFideId "705241"]
[WhiteElo "2155"]
[BlackElo "2309"]
[Result "0-1"]
[Round "11"]
[TimeControl "180+2"]
[Date "2023.03.21"]
[WhiteClock "0:00:07"]
[BlackClock "0:00:11"]

1. e4 c5 2. Nf3 e6 3. b4 b6 4. bxc5 bxc5 5. Bb2 Bb7 6. Nc3 Nc6 7. d4 cxd4 8. Nxd4 Qb6 9. Nb3 a5 10. a4 Nf6 11. Nb5 Nxe4 12. Qf3 Nb4 13. Bd3 Nc5 14. Qg3 Nbxd3+ 15. cxd3 Nxb3 16. Nc7+ Kd8 17. Nxa8 Qb4+ 18. Ke2 Bxa8 19. Rab1 Bd6 20. Qg5+ Be7 21. Qe3 Bc5 22. Qg5+ f6 23. Bxf6+ gxf6 24. Qxf6+ Kc7 25. Qe5+ d6 26. Qg7+ Kb6 27. Rhd1 Rc8 28. Qd7 Rc7 29. Qxe6 Nd4+ 30. Kf1 Nxe6 31. Rxb4+ Bxb4 32. f3 Rc2 33. h4 Bc5 34. d4 Bxd4 35. Rb1+ Kc7 36. g4 Rf2+ 37. Ke1 Nf4 38. h5 Nd3+ 39. Kd1 Bxf3# 0-1


[Site "https://www.chess.com"]

[Event "Titled Tuesday Blitz March 21 Early 2023"]
[White "Fajdetic, Hrvoje"]
[Black "Golubev, Mikhail"]
[WhiteFideId "14501945"]
[BlackFideId "14100983"]
[WhiteElo "2185"]
[BlackElo "2374"]
[Result "0-1"]
[Round "11"]
[TimeControl "180+2"]
[Date "2023.03.21"]
[WhiteClock "0:00:07"]
[BlackClock "0:00:48"]

1. d4 g6 2. Nc3 Bg7 3. e4 d6 4. Be3 c6 5. Qd2 b5 6. f3 Nd7 7. O-O-O b4 8. Nce2 a5 9. Kb1 Ba6 10. Nc1 Bxf1 11. Rxf1 Nb6 12. Qd3 Nf6 13. g4 Qc8 14. h4 h5 15. g5 Nfd7 16. f4 c5 17. dxc5 Nxc5 18. Bxc5 Qxc5 19. Nf3 a4 20. e5 Nc4 21. Rd1 O-O 22. Qd4 Qc7 23. Nd3 Rfb8 24. Qe4 b3 25. cxb3 axb3 26. a3 Nxa3+ 27. bxa3 Qc2+ 0-1


[Site "https://www.chess.com"]

[Event "Titled Tuesday Blitz March 21 Early 2023"]
[White "Rottenwohrer Suarez, Juan"]
[Black "monkins"]
[WhiteFideId "32068182"]
[WhiteElo "2174"]
[BlackElo "2241"]
[Result "0-1"]
[Round "11"]
[TimeControl "180+2"]
[Date "2023.03.21"]
[WhiteClock "0:00:02"]
[BlackClock "0:00:07"]

1. e4 c5 2. Nf3 g6 3. d4 cxd4 4. Nxd4 Nf6 5. Nc3 h5 6. h3 Qa5 7. Nb3 Qc7 8. Be3 a6 9. a4 Bg7 10. Be2 O-O 11. O-O d6 12. f4 Nc6 13. a5 Be6 14. Bb6 Qd7 15. Nd4 Nxd4 16. Bxd4 Rac8 17. f5 Bc4 18. fxg6 fxg6 19. Bxc4+ Rxc4 20. Bxf6 exf6 21. Qd5+ Qf7 22. Qxd6 Rc6 23. Qd5 f5 24. Qxf7+ Rxf7 25. exf5 Bxc3 26. bxc3 gxf5 27. Rf3 Kg7 28. Ra4 Rc5 29. h4 Rfc7 30. Rg3+ Kf6 31. Rg5 Rxc3 32. Rf4 R7c5 33. Rxh5 Rxc2 34. Rh6+ Ke5 35. Rf3 Rxa5 36. Rxf5+ Kxf5 37. Rh5+ Kg4 38. Rxa5 Kxh4 39. Kf1 Kg4 40. Rd5 b5 41. Rd8 Kf4 42. Ra8 Ra2 43. Ke1 Ke3 44. Kd1 Kd3 45. Ke1 b4 46. g4 b3 47. Rb8 Kc2 48. g5 Ra1+ 49. Kf2 b2 50. g6 b1=Q 51. Rxb1 Rxb1 52. g7 Rb8 0-1


[Site "https://www.chess.com"]

[Event "Titled Tuesday Blitz March 21 Early 2023"]
[White "Tarasova, Viktoriya"]
[Black "Thiel, Thomas"]
[WhiteFideId "4175840"]
[BlackFideId "4615964"]
[WhiteElo "2182"]
[BlackElo "2240"]
[Result "0-1"]
[Round "11"]
[TimeControl "180+2"]
[Date "2023.03.21"]
[WhiteClock "0:02:18"]
[BlackClock "0:02:01"]

1. d4 Nf6 2. c4 g6 3. Nc3 d5 4. cxd5 Nxd5 5. g3 Bg7 6. Bg2 Nb6 7. Nf3 O-O 8. O-O Nc6 9. e3 Re8 10. Re1 e5 11. d5 Na5 12. e4 c6 13. dxc6 Qxd1 14. Rxd1 Nxc6 15. h3 Be6 16. Nd5 Red8 17. Ng5 Nd4 18. Nxe6 Nxe6 19. Bg5 Nxg5 0-1


[Site "https://www.chess.com"]

[Event "Titled Tuesday Blitz March 21 Early 2023"]
[White "Shvedova, Alexandra"]
[Black "babbilator"]
[WhiteFideId "54154782"]
[WhiteElo "2057"]
[BlackElo "2227"]
[Result "1-0"]
[Round "11"]
[TimeControl "180+2"]
[Date "2023.03.21"]
[WhiteClock "0:00:48"]
[BlackClock "0:00:02"]

1. d4 Nf6 2. c4 e6 3. Nf3 c5 4. d5 exd5 5. cxd5 d6 6. Nc3 g6 7. e4 Bg7 8. Bd3 O-O 9. O-O Bg4 10. h3 Bxf3 11. Qxf3 Nbd7 12. Qd1 a6 13. a4 Re8 14. f4 c4 15. Bc2 Nc5 16. Re1 b5 17. axb5 axb5 18. Rxa8 Qxa8 19. e5 dxe5 20. fxe5 Nfd7 21. e6 fxe6 22. dxe6 Nf6 23. e7 Qa7 24. Nxb5 Qb6 25. Nd4 Nd3 26. Be3 Nxe1 27. Qxe1 Rxe7 28. Qc3 Qc7 29. Qd2 Nd5 30. Bg5 Re5 31. Nf3 Rxg5 32. Nxg5 Qc5+ 33. Kh1 Ne3 34. Qd8+ Bf8 35. Ne6 1-0


[Site "https://www.chess.com"]

[Event "Titled Tuesday Blitz March 21 Early 2023"]
[White "Sabar, Ethmane Daouda"]
[Black "Gatterer, Florian"]
[WhiteFideId "19600097"]
[BlackFideId "811688"]
[WhiteElo "1950"]
[BlackElo "2221"]
[Result "1/2-1/2"]
[Round "11"]
[TimeControl "180+2"]
[Date "2023.03.21"]
[WhiteClock "0:02:48"]
[BlackClock "0:02:54"]

1. e4 c6 2. d4 d5 3. Nc3 dxe4 4. Nxe4 Bf5 5. Ng3 Bg6 6. h4 h6 7. Nf3 Nf6 8. Ne5 Bh7 9. Bd3 Bxd3 10. Qxd3 e6 1/2-1/2


[Site "https://www.chess.com"]

[Event "Titled Tuesday Blitz March 21 Early 2023"]
[White "Bhavikatti, Neil"]
[Black "lolliNOPE"]
[WhiteFideId "30935024"]
[WhiteElo "2344"]
[BlackElo "2056"]
[Result "1-0"]
[Round "11"]
[TimeControl "180+2"]
[Date "2023.03.21"]
[WhiteClock "0:00:10"]
[BlackClock "0:00:07"]

1. d4 Nf6 2. c4 e6 3. Nc3 Bb4 4. Qc2 c5 5. dxc5 Nc6 6. Nf3 O-O 7. a3 Bxc5 8. Bf4 Nh5 9. Bg5 Be7 10. Be3 Nf6 11. g3 d5 12. Rd1 Ng4 13. cxd5 Nxe3 14. fxe3 exd5 15. Nxd5 Bd6 16. Bg2 Be6 17. O-O Kh8 18. Nd4 Nxd4 19. exd4 Bxd5 20. Bxd5 Bxg3 21. Bxb7 Rb8 22. Bg2 Bd6 23. e4 Qb6 24. Rf2 f6 25. Kh1 Rfc8 26. Qe2 Qb5 27. Qg4 Qb3 28. Re1 Rc2 29. Rxc2 Qxc2 30. Qe2 Qxe2 31. Rxe2 Kg8 32. e5 fxe5 33. dxe5 Be7 34. Bd5+ Kf8 35. Kg2 Ke8 36. Kf3 Rb5 37. Bc6+ 1-0


[Site "https://www.chess.com"]

[Event "Titled Tuesday Blitz March 21 Early 2023"]
[White "Quinones Garcia, Santiago"]
[Black "Clawitter, Craig"]
[WhiteFideId "4408497"]
[BlackFideId "2023105"]
[WhiteElo "2263"]
[BlackElo "2237"]
[Result "1-0"]
[Round "11"]
[TimeControl "180+2"]
[Date "2023.03.21"]
[WhiteClock "0:00:52"]
[BlackClock "0:00:03"]

1. d4 e6 2. c4 Nf6 3. Nf3 d5 4. Bg5 dxc4 5. Nc3 c5 6. e3 Nc6 7. Bxc4 cxd4 8. exd4 Be7 9. O-O O-O 10. Re1 b6 11. a3 Bb7 12. Qd3 Rc8 13. Rad1 Na5 14. Ba2 Re8 15. Bb1 g6 16. Ne5 Nd5 17. Bxe7 Rxe7 18. Ne4 f6 19. Ng4 Rd7 20. Nh6+ Kg7 21. Qh3 Nf4 22. Qg3 Nh5 23. Qe3 Nc4 24. Qc1 Nxa3 25. Qe3 Nc4 26. Qc1 Na3 27. Qe3 Nxb1 28. Rxb1 Rxd4 29. Ng4 Rxe4 30. Qh3 Rxe1+ 31. Rxe1 Qd5 32. Ne3 Qg5 33. Qxe6 Rc7 34. Qd6 Rf7 35. g3 f5 36. Rc1 f4 37. Ng2 Qd5 38. Qxd5 Bxd5 39. Ne1 fxg3 40. hxg3 Nf6 41. Nd3 Rd7 42. Ne5 Re7 43. f4 Nd7 44. Nd3 Nc5 45. Nb4 Bb7 46. Rc3 Re2 47. b3 Rg2+ 48. Kf1 Ne4 49. Re3 Nd2+ 50. Ke1 Nf3+ 51. Kd1 Rd2+ 52. Kc1 Rd4 53. Nd3 Rxd3 54. Rxd3 1-0


[Site "https://www.chess.com"]

[Event "Titled Tuesday Blitz March 21 Early 2023"]
[White "Kovalevsky, Stanislav"]
[Black "Ardila, Oscar Humberto"]
[WhiteFideId "13508598"]
[BlackFideId "4404742"]
[WhiteElo "2174"]
[BlackElo "1911"]
[Result "1-0"]
[Round "11"]
[TimeControl "180+2"]
[Date "2023.03.21"]
[WhiteClock "0:00:45"]
[BlackClock "0:00:31"]

1. c4 Nf6 2. Nc3 g6 3. g3 Bg7 4. Bg2 O-O 5. e4 d6 6. Nge2 Nbd7 7. b4 e5 8. Bb2 a5 9. b5 Nc5 10. d3 c6 11. a4 Bg4 12. O-O Qd7 13. Re1 Bh3 14. Bh1 Ng4 15. f3 Ne3 16. Qb1 f5 17. Bc1 f4 18. Ra3 d5 19. cxd5 cxd5 20. Bxe3 d4 21. Bf2 dxc3 22. Bxc5 Rfc8 23. Rxc3 b6 24. Bxb6 Rxc3 25. Nxc3 Bf8 26. Nd5 Kg7 27. Qb2 Bd6 28. d4 Re8 29. dxe5 Bxe5 30. Bd4 Bxd4+ 31. Qxd4+ Kh6 32. gxf4 Rc8 33. f5 Rc2 34. f6 Qd6 35. e5 Qe6 36. Qh4# 1-0


[Site "https://www.chess.com"]

[Event "Titled Tuesday Blitz March 21 Early 2023"]
[White "Fabris, Alberto"]
[Black "Corredor Castellanos, Camilo"]
[WhiteFideId "801348"]
[BlackFideId "4425871"]
[WhiteElo "2203"]
[BlackElo "1994"]
[Result "1/2-1/2"]
[Round "11"]
[TimeControl "180+2"]
[Date "2023.03.21"]
[WhiteClock "0:00:23"]
[BlackClock "0:01:34"]

1. e4 c5 2. Nf3 d6 3. Bb5+ Nd7 4. d4 cxd4 5. Qxd4 a6 6. Bxd7+ Bxd7 7. Bg5 h6 8. Bh4 Qa5+ 9. Nc3 Nf6 10. O-O Rc8 11. e5 dxe5 12. Nxe5 Be6 13. Rad1 g5 14. Bg3 Bg7 15. Rfe1 O-O 16. Qd2 Rfd8 17. Qe2 Bf5 18. Rxd8+ Rxd8 19. Rd1 h5 20. h3 g4 21. hxg4 Nxg4 22. Nxg4 Bxg4 23. f3 Be6 24. Rxd8+ Qxd8 25. Be5 Qb6+ 26. Kh1 Qxb2 27. Bxg7 Qc1+ 28. Kh2 Kxg7 29. Qe5+ Kg8 30. Qxh5 Qf4+ 31. Kh1 Qc1+ 32. Kh2 Qxc2 33. Ne4 Qc7+ 34. Kh1 Qc1+ 35. Kh2 Qf4+ 36. Kh1 b5 37. Qc5 Bf5 38. Qxe7 Bxe4 39. fxe4 Kg7 40. e5 a5 41. Qc5 Qc4 42. Qe7 Qc1+ 43. Kh2 Qf4+ 44. Kh1 a4 45. a3 Kg6 46. Qd6+ Kh5 47. Kg1 Kg4 48. Qd1+ Kf5 49. Qd7+ Kxe5 50. Qxb5+ Kf6 51. Qc6+ Kg5 52. Qd5+ Kg6 53. Qc6+ Kh5 54. Qf3+ Kg5 55. Qxf4+ Kxf4 56. Kf2 Ke4 57. Ke2 f5 58. Kd2 Kf4 59. Ke2 Kg3 60. Kf1 f4 61. Kg1 f3 62. gxf3 Kxf3 63. Kf1 Ke3 64. Ke1 Kd3 65. Kd1 Kc3 66. Kc1 Kb3 67. Kb1 Kxa3 68. Ka1 Kb3 69. Kb1 a3 70. Ka1 a2 1/2-1/2


[Site "https://www.chess.com"]

[Event "Titled Tuesday Blitz March 21 Early 2023"]
[White "Mirzanurov, Bulat"]
[Black "lisjakzlatko1"]
[WhiteFideId "4184521"]
[WhiteElo "2019"]
[BlackElo "2197"]
[Result "1-0"]
[Round "11"]
[TimeControl "180+2"]
[Date "2023.03.21"]
[WhiteClock "0:00:17"]
[BlackClock "0:00:02"]

1. e4 d6 2. d4 Nf6 3. Nc3 c6 4. Be3 Qb6 5. Nge2 Qxb2 6. Rb1 Qa3 7. Rb3 Qa5 8. f3 e5 9. dxe5 dxe5 10. g3 Be7 11. Bg2 O-O 12. O-O Rd8 13. Qb1 b5 14. a4 a6 15. axb5 axb5 16. Nxb5 cxb5 17. Rxb5 Qa4 18. Rxb8 Ba6 19. Rxd8+ Rxd8 20. Re1 Bb4 21. Rd1 Rc8 22. Bf1 h6 23. c3 Bf8 24. Rd2 Bc4 25. Bf2 Qa6 26. Qe1 Qe6 27. Rb2 Kh7 28. Nc1 h5 29. Bxc4 Rxc4 30. Ne2 h4 31. g4 Nd7 32. Bxh4 Nc5 33. Rd2 Nb3 34. Rb2 Bc5+ 35. Bf2 Qc6 36. Bxc5 Nxc5 37. Qf2 Nd3 38. Qh4+ Kg8 39. Rb8+ Qc8 40. Rxc8+ Rxc8 41. Qe7 1-0


[Site "https://www.chess.com"]

[Event "Titled Tuesday Blitz March 21 Early 2023"]
[White "Mrudul Dehankar"]
[Black "Blokhin, Sofia"]
[WhiteFideId "25096990"]
[BlackFideId "4508190"]
[WhiteElo "2139"]
[BlackElo "1994"]
[Result "1/2-1/2"]
[Round "11"]
[TimeControl "180+2"]
[Date "2023.03.21"]
[WhiteClock "0:01:09"]
[BlackClock "0:01:53"]

1. e4 c5 2. Nf3 e6 3. d4 cxd4 4. Nxd4 a6 5. Nc3 Qc7 6. Be2 Nf6 7. f4 Bb4 8. e5 Nd5 9. O-O Nxc3 10. bxc3 Bxc3 11. Rb1 Qc5 12. Be3 Qe7 13. Rb4 Bxb4 14. Qd3 1/2-1/2


[Site "https://www.chess.com"]

[Event "Titled Tuesday Blitz March 21 Early 2023"]
[White "salgadoLO"]
[Black "Leschinsky, Gary"]
[BlackFideId "30951321"]
[WhiteElo "2193"]
[BlackElo "1855"]
[Result "0-1"]
[Round "11"]
[TimeControl "180+2"]
[Date "2023.03.21"]
[WhiteClock "0:00:02"]
[BlackClock "0:00:08"]

1. d4 Nf6 2. Bg5 c5 3. Nc3 cxd4 4. Qxd4 Nc6 5. Qh4 e6 6. e4 d6 7. O-O-O Be7 8. f4 O-O 9. Nf3 h6 10. e5 hxg5 11. Nxg5 dxe5 12. Rxd8 Rxd8 13. Bd3 exf4 14. Qxf4 e5 15. Qf2 Be6 16. Nxe6 fxe6 17. Bc4 Nd5 18. h4 Nd4 19. Qg3 Bf6 20. Ne4 Rac8 21. Nxf6+ Nxf6 22. Kb1 Rxc4 23. Qxe5 Nxc2 24. Rf1 Rc6 25. Qg3 e5 26. a3 Nd4 27. h5 Kh8 28. h6 gxh6 29. Qxe5 Rf8 30. Qxd4 a6 0-1


[Site "https://www.chess.com"]

[Event "Titled Tuesday Blitz March 21 Early 2023"]
[White "TigranHH"]
[Black "Kuchava, Ana"]
[BlackFideId "13605348"]
[WhiteElo "2287"]
[BlackElo "2001"]
[Result "1-0"]
[Round "11"]
[TimeControl "180+2"]
[Date "2023.03.21"]
[WhiteClock "0:00:18"]
[BlackClock "0:00:02"]

1. d4 d5 2. c4 e6 3. Nc3 Be7 4. Nf3 Nf6 5. Bf4 c5 6. dxc5 Bxc5 7. e3 Nc6 8. cxd5 Nxd5 9. Nxd5 exd5 10. Bd3 O-O 11. O-O h6 12. Rc1 Bb6 13. Bb1 d4 14. Qd3 f5 15. Qc4+ Kh7 16. Rfd1 Qf6 17. exd4 Bd7 18. d5 Ne7 19. Ne5 Rfd8 20. Qe2 Rac8 21. Nxd7 Rxd7 22. Rxc8 Nxc8 23. Qc2 g6 24. Qxc8 Qxb2 25. Qxd7+ Kg8 26. Qe8+ Kh7 27. Qf7+ Kh8 28. Qe8+ Kh7 29. Qe7+ Kg8 30. Be3 Bxe3 31. Qxe3 Qb6 32. d6 Qc6 33. d7 Qa4 34. d8=Q+ Kf7 35. Qee7# 1-0


[Site "https://www.chess.com"]

[Event "Titled Tuesday Blitz March 21 Early 2023"]
[White "Kornyukov, Alexey"]
[Black "Zaichenko, Daria"]
[WhiteFideId "4150457"]
[BlackFideId "4197453"]
[WhiteElo "2352"]
[BlackElo "2039"]
[Result "1-0"]
[Round "11"]
[TimeControl "180+2"]
[Date "2023.03.21"]
[WhiteClock "0:00:56"]
[BlackClock "0:01:10"]

1. e4 c5 2. Nf3 Nc6 3. c3 d5 4. exd5 Qxd5 5. d4 Bg4 6. Be2 cxd4 7. cxd4 e6 8. h3 Bh5 9. O-O O-O-O 10. Be3 Nf6 11. Nc3 Qd7 12. Qa4 Bxf3 13. Bxf3 Kb8 14. Nb5 a6 15. Bf4+ e5 16. dxe5 axb5 17. exf6+ Bd6 18. Bxd6+ Qxd6 19. Qxb5 Qxf6 20. Rac1 Rc8 21. Rc3 Rc7 22. Rfc1 Rhc8 23. Rxc6 Rxc6 24. Rxc6 Rxc6 25. Bxc6 Qxc6 26. Qxc6 bxc6 27. f4 Kc7 28. Kf2 Kd6 29. Ke3 Kd5 30. Kd3 c5 31. a4 c4+ 32. Kc3 Kc5 33. a5 Kb5 34. a6 Kxa6 35. Kxc4 Kb6 36. Kd5 1-0


[Site "https://www.chess.com"]